 Dungeon Crawl Stone Soup version 0.30.1-11-g7821555f0a (webtiles) character file.

Game seed: 4542755190786595947

2094 Scypho the Cleaver (level 9, -1/70 HPs)
             Began as a Minotaur Fighter on Dec 2, 2023.
             Was a Follower of Okawaru.
             Slain by an orc warrior
             ... wielding a +0 glaive
              (8 damage)
             ... in a bailey.
             The game lasted 00:16:04 (5650 turns).

Scypho the Cleaver (Minotaur Fighter)               Turns: 5650, Time: 00:16:04

Health: -1/70      AC:  8    Str: 20    XL:     9   Next: 7%
Magic:  8/8        EV:  9    Int:  7    God:    Okawaru [*.....]
Gold:   485        SH:  5    Dex: 13    Spells: 8/8 levels left

rFire   . . .        a - +0 war axe
rCold   . . .        c - +0 buckler
rNeg    . . .        b - +0 scale mail
rPois   .            (helmet restricted)
rElec   .            (no cloak)
rCorr   .            (no gloves)
SInv    +            p - +0 pair of boots
Will    .....        (no amulet) Stlth
                     e - ring of flight
HPRegen 0.31/turn    j - ring of see invisible
MPRegen 0.11/turn

%: no passive effects
@: mighty, flying, hasted, very quick
A: horns 2, retaliatory headbutt
a: Renounce Religion, Heroism


You were in a bailey.
You worshipped Okawaru.
Okawaru was aware of your devotion.
You visited 2 branches of the dungeon, and saw 8 of its levels.
You also visited: Bailey.

You collected 555 gold pieces.
You spent 70 gold pieces at shops.

Inventory:

Hand Weapons
 a - a +0 war axe (weapon)
Missiles
 g - 2 throwing nets (quivered)
Armour
 b - a +0 scale mail (worn)
 c - a +0 buckler (worn)
 p - a +0 pair of boots (worn)
Jewellery
 e - a ring of flight (left hand)
 j - a ring of see invisible (right hand)
 k - a ring of magical power
 A - a ring of ice
Wands
 d - a wand of digging (4)
Scrolls
 q - 3 scrolls of noise
 r - a scroll of poison {unknown}
 s - 3 scrolls of teleportation
 t - a scroll of acquirement {unknown}
 v - a scroll of amnesia {unknown}
 x - a scroll of torment {unknown}
 y - 3 scrolls of immolation
 z - a scroll of blinking {unknown}
 C - a scroll of brand weapon {unknown}
Potions
 h - 3 potions of curing
 i - 2 potions of lignification
 o - a potion of brilliance
 u - 3 potions of might
 w - 3 potions of resistance
 D - a potion of cancellation


   Skills:
 - Level 3.6 Fighting
 + Level 14.2 Axes
 - Level 3.6 Armour
 - Level 3.6 Shields


You had 8 spell levels left.
You didn't know any spells.
Your spell library contained the following spells:

 Spells                   Type           Power      Damage    Failure   Level
 Necrotise                Necr           0%         1d4       85%         1
 Ensorcelled Hibernation  Hex/Ice        0%         N/A       94%         2
 Passwall                 Tmut/Erth      0%         N/A       94%         2
 Portal Projectile        Hex/Tloc       0%         N/A       99%         3
 Swiftness                Air            0%         N/A       99%         3
 Vampiric Draining        Necr           0%         2d6       99%         3
 Agony                    Necr           0%         N/A       100%        5
 Blade Hands              Tmut           0%         N/A       100%        5
 Tukima's Dance           Hex            Unusable   N/A       N/A         3

Dungeon Overview and Level Annotations

Branches:
Dungeon (7/15)             Temple (1/1) D:5          Bailey (1/1)

Altars:
Ashenzari
Dithmenos
Okawaru
Uskayaw
Zin
The Shining One

Shops:
D:3 ?

Annotations:
D:3 3 runed translucent doors, rozman's ghost, amateur KoBe
D:5 1 runed translucent door, BrewmasterC's ghost, amateur MeBr


Innate Abilities, Weirdness & Mutations

You have a pair of horns on your head.
You reflexively headbutt those who attack you in melee.


Message History

The orc shouts, "No!
I'll never do that again!"
There is an open door here.
The orc warrior almost stumbles in trying to escape.
The orc warrior supplicates, "Please don't kill me!"
Found three items.
Found 2 cyan potions and a smoky sapphire potion.
The orc howls in fear.
Found a fizzy ruby potion, a potion of haste and a bubbling sapphire potion.
The orc warrior seems to regain its courage.
The orc gives up.
You feel very mighty all of a sudden.
Cornered, the orc warrior turns to fight!
It was a potion of cancellation.
Your magical effects are unravelling.
You feel magically purged.
You feel a little less mighty now.
The orc warrior hits you but does no damage.
You feel very mighty all of a sudden.
The orc warrior hits you from afar with a +0 glaive!
* * * LOW HITPOINT WARNING * * *
You feel yourself speed up.
The orc warrior hits you from afar with a +0 glaive!
* * * LOW HITPOINT WARNING * * *
The orc warrior hits you from afar with a +0 glaive.
* * * LOW HITPOINT WARNING * * *
The orc warrior hits you with a +0 glaive!!
* * * LOW HITPOINT WARNING * * *
The orc warrior barely misses you.
You completely miss the orc warrior.
You feel much better. The orc warrior barely misses you.
You furiously retaliate!
You headbutt the orc warrior!
The orc warrior hits you from afar with a +0 glaive!
* * * LOW HITPOINT WARNING * * *
You closely miss the orc warrior. You barely miss the orc warrior.
The orc warrior barely misses you.
The orc warrior hits you from afar with a +0 glaive!
* * * LOW HITPOINT WARNING * * *
You hit the orc warrior.
The orc warrior hits you with a +0 glaive!
You die...

#.o!!.#
#.!!!.#
#.!!!.#
.....
##'''##
##.o...##
#.......#
#...@o..#
#..#.#..#
#..#8#..#
#.......#
##.....##
###'###
#...#
#...#
#...#


You could see 3 orc warriors.

Vanquished Creatures
  Grinder (D:4)
  Duvessa (D:4)
  A sky beast (D:7)
  3 orc warriors (Bailey)
  An ogre (D:3)
  A phantom (D:5)
  Blork the orc (D:6)
  2 scorpions (D:5)
  Dowan (D:4)
  4 killer bees (D:6)
  2 howler monkeys (D:6)
  A crimson imp (D:3)
  3 hounds
  A jelly (D:6)
  2 gnoll boudas
  4 iguanas
  A sleepcap (D:5)
  Natasha (twice) (D:2)
  2 orc wizards (D:4)
  5 adders
  16 gnolls
  A shadow imp (D:6)
  2 white imps
  5 worms
  5 dart slugs
  14 orcs
  6 ball pythons
  4 endoplasms
  3 giant cockroaches
  5 hobgoblins
  6 kobolds
  3 quokkas
  4 bats (D:1)
  2 frilled lizards
  11 goblins
  A goblin zombie (D:3)
  A hobgoblin zombie (D:3)
  2 kobold skeletons (D:3)
  2 orc skeletons (D:3)
  2 orc zombies (D:3)
  4 rats
138 creatures vanquished.

Notes
Turn   | Place    | Note
-------+----------+-------------------------------------------
     0 | D:1      | Scypho the Minotaur Fighter began the quest for the Orb.
     0 | D:1      | Reached XP level 1. HP: 19/19 MP: 0/0
   169 | D:1      | Reached skill level 3 in Axes
   213 | D:1      | Reached XP level 2. HP: 23/26 MP: 1/1
   528 | D:1      | Reached skill level 4 in Axes
   823 | D:2      | Reached XP level 3. HP: 30/31 MP: 2/2
   979 | D:2      | Noticed Natasha
   988 | D:2      | Killed Natasha
   989 | D:2      | Reached skill level 5 in Axes
   989 | D:2      | Reached XP level 4. HP: 19/39 MP: 3/3
  1211 | D:2      | Noticed Natasha
  1217 | D:2      | Killed Natasha
  1447 | D:3      | Found Lyebyalu's Magic Scroll Shoppe.
  1455 | D:3      | Bought a scroll of teleportation for 42 gold pieces
  1455 | D:3      | Bought a scroll of identify for 28 gold pieces
  1470 | D:3      | Found a glowing golden altar of the Shining One.
  1476 | D:3      | Reached skill level 6 in Axes
  1476 | D:3      | Reached XP level 5. HP: 44/45 MP: 4/4
  1602 | D:3      | Found a runed translucent gate.
  1603 | D:3      | Found a runed translucent gate.
  1604 | D:3      | Found a runed translucent gate.
  1606 | D:3      | Noticed rozman's ghost (amateur KoBe)
  1657 | D:3      | Found a shadowy altar of Dithmenos.
  1658 | D:3      | Noticed an ogre
  2034 | D:3      | Killed an ogre
  2035 | D:3      | Reached skill level 7 in Axes
  2259 | D:4      | Noticed Grinder
  2291 | D:4      | Paralysed by Grinder for 4 turns
  2295 | D:4      | Killed Grinder
  2296 | D:4      | Reached skill level 8 in Axes
  2296 | D:4      | Reached XP level 6. HP: 14/51 MP: 5/5
  2436 | D:4      | Found a glowing silver altar of Zin.
  2592 | D:4      | Reached skill level 9 in Axes
  2605 | D:4      | Reached XP level 7. HP: 47/57 MP: 6/6
  2730 | D:4      | Noticed Dowan
  2730 | D:4      | Noticed Duvessa
  2742 | D:4      | Killed Duvessa
  2747 | D:4      | Reached skill level 10 in Axes
  2749 | D:4      | Killed Dowan
  3184 | D:5      | Entered Level 5 of the Dungeon
  3190 | D:5      | Identified the +0 rapier "Zitset" {heavy, Dex+3}
  3399 | D:5      | Reached skill level 11 in Axes
  3458 | D:5      | Found a runed translucent door.
  3459 | D:5      | Noticed BrewmasterC's ghost (amateur MeBr)
  3571 | D:5      | Reached XP level 8. HP: 64/64 MP: 7/7
  3938 | D:5      | Found a staircase to the Ecumenical Temple.
  4040 | D:6      | Reached skill level 12 in Axes
  4100 | Temple   | Entered the Ecumenical Temple
  4109 | Temple   | Became a worshipper of Warmaster Okawaru
  4427 | D:6      | Noticed Blork the orc
  4435 | D:6      | Killed Blork the orc
  4777 | D:6      | Reached skill level 13 in Axes
  5167 | D:7      | Reached * piety under Okawaru
  5181 | D:7      | Identified the +0 ring mail "Pidgham" {rCorr Str-2 Dex+3}
  5248 | D:7      | Found a flagged portal.
  5301 | Bailey   | Entered a bailey
  5320 | Bailey   | Reached skill level 14 in Axes
  5320 | Bailey   | Reached XP level 9. HP: 39/70 MP: 5/8
  5650 | Bailey   | Slain by an orc warrior

Illustrated notes

Levels and vault maps discovered:
D:1:      scummos_arrival_forest, layout_loops_ring
D:2:      layout_rooms, dreamdust_wishing_well, eino_tiny_chamber,
          chequers_serial_rivers_micro_e, serial_bayou_pond_a,
          minmay_box_of_dots, uniq_natasha
D:3:      layout_loops_ring, nicolae_tso_besieged_by_evil,
          grunt_dithmenos_smoke, ebering_ghost_rock_garden, serial_shops, shop
D:4:      layout_basic, general_overflow_altar, minivault_25,
          chequers_serial_rivers_marsh, minmay_puff, uniq_grinder, uniq_duvessa
D:5:      layout_basic, minmay_temple_entry_from_below_a,
          hellmonk_ghost_happy_afterlife, hellmonk_bongcloud_opening
D:6:      layout_loops_ring, uniq_blork_the_orc
D:7:      layout_gridville, xom_butterflies, lightli_bailey_entry_fortress,
          serial_park_tiny_1
Temple:   compressed_dpeg_circular_temple
Bailey:   bailey_polearm_5, bailey

Skill      XL: |  1  2  3  4  5  6  7  8 |
---------------+-------------------------+-----
Axes           | 3 4 5 6 8 9 11 14 | 14.2
Fighting       | |  3.6
Armour         | |  3.6
Shields        | |  3.6

Action                     |  1- 3 |  4- 6 |  7- 9 || total
---------------------------+-------+-------+-------++-------
  Melee: War axe           |    57 |    87 |   215 ||   359
         Headbutt          |     6 |    14 |    41 ||    61
 Invoke: Heroism           |       |       |     1 ||     1
    Use: Potion            |     1 |     1 |    10 ||    12
         Scroll            |       |     5 |     7 ||    12
 Armour: Scale mail        |    16 |    14 |    63 ||    93
  Dodge: Dodged            |    14 |    22 |    86 ||   122
  Block: Buckler           |    10 |    10 |    50 ||    70
